 Dungeon Crawl Stone Soup version 0.32-a0-418-g34023cf50c (webtiles) character file.

Game seed: 8628327334612648104

3031 Asfel the Carver (level 9, 0/59 HPs)
             Began as a Demonspawn Wanderer on Feb 21, 2024.
             Was a Priest of Hepliaklqana.
             Succumbed to a killer bee's poison
             ... on level 8 of the Dungeon.
             The game lasted 00:21:46 (6701 turns).

Asfel the Carver (Demonspawn Wanderer)              Turns: 6701, Time: 00:21:47

Health: 0/59       AC: 18    Str: 16    XL:     9   Next: 56%
Magic:  10/10      EV:  5    Int: 12    God:    Hepliaklqana [***...]
Gold:   129        SH:  0    Dex: 14    Spells: 8/8 levels left

rFire   x . .        a - +5 falchion (freeze)
rCold   + . .        (no shield)
rNeg    . . .        j - +0 plate armour
rPois   .            s - +2 hat
rElec   .            (no cloak)
rCorr   .            x - +0 pair of gloves
SInv    .            (no boots)
Will    .....        t - amulet of magic regeneration Stlth
                     r - ring of ice
HPRegen 0.29/turn    (no ring)
MPRegen 0.52/turn

%: no passive effects
@: lethally poisoned (0 -> -6)
A: reduced essence, antennae 2, ignite blood 1, sharp scales 2, demonic magic 1
a: Renounce Religion, Recall Ancestor, Ancestor Identity, Transference


You were on level 8 of the Dungeon.
You worshipped Hepliaklqana.
Hepliaklqana was most pleased with you.
You visited 1 branch of the dungeon, and saw 8 of its levels.

You collected 337 gold pieces.
You spent 208 gold pieces at shops.

Inventory:

Hand Weapons
 a - a +5 falchion of freezing (weapon)
 b - a +0 sling
 d - a +0 dagger
 p - the +4 spear "Inweafis" {freeze, ^Drain rN+ SInv Stlth+}
   (You found it on level 2 of the Dungeon)

   rN+:       It protects you from negative energy.
   SInv:      It lets you see invisible.
   ^Drain:    It drains your maximum health when unequipped.
   Stlth+:    It makes you more stealthy.
Missiles
 c - 7 boomerangs (quivered)
Armour
 f - a +0 leather armour
 j - a +0 plate armour (worn)
 s - a +2 hat (worn)
 x - a +0 pair of gloves (worn)
Jewellery
 r - a ring of ice (left hand)
 t - an amulet of magic regeneration (around neck)
Wands
 q - a wand of quicksilver (8)
 v - a wand of flame (28)
Scrolls
 g - 2 scrolls of fear
 i - 2 scrolls of amnesia
 k - 3 scrolls of teleportation
 o - a scroll of poison
 u - a scroll of blinking
Potions
 e - 3 potions of cancellation
 h - 2 potions of attraction
 l - 4 potions of heal wounds {unknown}
 m - a potion of invisibility {unknown}
 n - 2 potions of curing
 z - 2 potions of ambrosia


   Skills:
 + Level 4.5 Fighting
 + Level 9.0 Long Blades
 + Level 1.8 Ranged Weapons
 + Level 4.2 Throwing
 + Level 6.7 Armour
 + Level 1.7 Dodging
 + Level 1.1 Stealth
 + Level 1.3 Invocations
 + Level 0.2 Evocations


You had 8 spell levels left.
You didn't know any spells.
Your spell library contained the following spells:

 Spells                   Type           Power      Damage    Failure   Level
 Sandblast                Erth           0%         2d4       100%        1
 Sting                    Conj/Alch      0%         1d3       100%        1
 Ensorcelled Hibernation  Hex/Ice        0%         N/A       100%        2
 Mercury Vapours          Alch/Air       0%         N/A       100%        2
 Frozen Ramparts          Ice            0%         1d1       100%        3
 Fugue of the Fallen      Necr           0%         N/A       100%        3
 Hailstorm                Conj/Ice       0%         3d5       100%        3
 Ozocubu's Armour         Ice            0%         N/A       100%        3
 Passwall                 Erth           0%         N/A       100%        3
 Stone Arrow              Conj/Erth      0%         3d7       100%        3
 Summon Ice Beast         Ice/Summ       0%         N/A       100%        3
 Swiftness                Air            0%         N/A       100%        3
 Brom's Barrelling Bould  Conj/Erth      0%         2d3       100%        4
 Leda's Liquefaction      Alch/Erth      0%         N/A       100%        4
 Manifold Assault         Tloc           0%         N/A       100%        4
 Olgreb's Toxic Radiance  Alch           0%         N/A       100%        4
 Petrify                  Alch/Erth      0%         N/A       100%        4
 Metabolic Englaciation   Hex/Ice        0%         N/A       100%        5
 Sculpt Simulacrum        Ice/Alch       0%         N/A       100%        6


Dungeon Overview and Level Annotations

Branches:
Dungeon (8/15)             Temple (0/1) D:5
   Lair: D:8-11

Altars:
Hepliaklqana
Okawaru
Yredelemnul

Shops:
D:1 (   D:5 [


Innate Abilities, Weirdness & Mutations

Your life essence is reduced to manifest your ancestor. (-10% HP)
You have a pair of antennae on your head.
Your demonic aura sometimes causes spilled blood to erupt in flames.
You are mostly covered in razor-sharp scales. (AC +2, Slay +2)
Spells you cast may paralyse adjacent enemies.


Message History

The killer bee stings you but does no damage. x2
The killer bee barely misses you.
Ocsyh barely misses the killer bee.
The killer bee stings you but does no damage.
The killer bee stings you.
You are more poisoned.
The killer bee poisons you! The killer bee barely misses you.
You slash the killer bee! You freeze the killer bee.
You kill the killer bee!
You feel very sick.
The killer bee stings you but does no damage. x2
You feel very sick. The killer bee stings you. The killer bee stings you!
The killer bee completely misses you.
The killer bee stings you but does no damage.
Things that are here:
a killer bee corpse; a killer bee corpse; a killer bee corpse You hit the killer bee.
You freeze the killer bee.
The killer bee is heavily wounded.
You feel very sick. The killer bee closely misses you.
The killer bee stings you but does no damage.
Ocsyh misses the killer bee.
The wyvern barely misses you.
The killer bee stings you but does no damage.
The killer bee stings you.
* * * LOW HITPOINT WARNING * * *
You feel better.
The killer bee stings you but does no damage.
The killer bee stings you.
* * * LOW HITPOINT WARNING * * *
You are poisoned.
The killer bee poisons you! The wyvern bites you.
* * * LOW HITPOINT WARNING * * *
The killer bee stings you but does no damage. x2
Ocsyh hits the killer bee with a +0 flail!
The killer bee dies!
The wyvern bites you!
* * * LOW HITPOINT WARNING * * *
You swap places.
You die...
Hepliaklqana delivers you to your ancestors.

#. .# .# # # #.
.##.##. #.#.#.
..!... ##.#.#.
....##.
.......,.......
...#.#. .....
.......#k#.#.#.
......yR†......
.......@##.###.
#...!..<#
........#
##..$....
...####.#. #..
#.##. .. #.# .#
#.# . #.# .


You could see the friendly Ocsyh the knight, a wyvern (ally target) and a killer
bee.

Vanquished Creatures
  Edmund (D:4)
  2 sky beasts
  3 black bears
  An ice beast (D:6)
  2 elf zombies (D:6)
  3 bullfrogs
  Blork the orc (D:4)
  2 gnoll sergeants (D:7)
  3 scorpions (D:5)
  A water moccasin zombie (D:6)
  3 killer bees (D:8)
  2 centaur zombies (D:6)
  A hound (D:4)
  2 jellies
  A bombardier beetle (D:7)
  A human skeleton (D:6)
  A sleepcap (D:7)
  2 iguanas
  Ijyb (D:3)
  2 orc wizards
  A howler monkey zombie (D:6)
  7 gnolls (D:7)
  8 adders
  A white imp (D:7)
  A ribbon worm (D:4)
  3 dart slugs
  8 orcs
  6 endoplasms
  4 giant cockroaches
  7 goblins
  3 hobgoblins
  3 jackals (D:1)
  7 kobolds
  3 quokkas
  5 bats
  5 frilled lizards
  4 rats
  A spectral hobgoblin (D:1)
112 creatures vanquished.

Vanquished Creatures (collateral kills)
  A wyvern (D:7)
  A hornet zombie (D:6)
  An ice beast (D:6)
  A phantom (D:4)
  A scorpion (D:6)
  A wyvern zombie (D:6)
  An elf skeleton (D:6)
  2 killer bees (D:8)
  An electric eel (D:6)
  A hound (D:6)
  A jelly (D:7)
  A human skeleton (D:6)
  An orc wizard (D:4)
  2 gnolls (D:7)
  2 orcs
  An orc zombie (D:6)
19 creatures vanquished.

Vanquished Creatures (others)
  An ancestor (D:4)
  An orc (D:6)
2 creatures vanquished.

Grand Total: 133 creatures vanquished

Notes
Turn   | Place    | Note
-------+----------+-------------------------------------------
     0 | D:1      | Asfel the Demonspawn Wanderer began the quest for the Orb.
     0 | D:1      | Asfel set off with the following items: a +2 falchion, a +0
                  | sling, 7 boomerangs, a +0 dagger, a scroll of blinking, a
                  | +0 leather armour.
     0 | D:1      | Reached XP level 1. HP: 13/13 MP: 1/1
   146 | D:1      | Found Urgh's Weapon Emporium.
   213 | D:1      | Gained mutation: Your demonic aura sometimes causes spilled
                  | blood to erupt in flames. [demonic ancestry]
   213 | D:1      | Reached XP level 2. HP: 19/19 MP: 2/2
   218 | D:1      | Found a faded altar of an unknown god.
   345 | D:1      | Reached skill level 3 in Long Blades
   349 | D:1      | Gained mutation: You have a pair of small antennae on your
                  | head. [demonic ancestry]
   349 | D:1      | Reached XP level 3. HP: 24/24 MP: 3/3
   828 | D:2      | Found a hazy altar of Hepliaklqana.
   868 | D:2      | Became a worshipper of Hepliaklqana the Forgotten
  1462 | D:2      | Identified the +8 sling of the Spines {freeze, rPois Str+2}
  1477 | D:2      | Gained mutation: You are partially covered in razor-sharp
                  | scales. (AC +1, Slay +1) [demonic ancestry]
  1477 | D:2      | Reached XP level 4. HP: 11/31 MP: 4/4
  1616 | D:2      | Identified the +4 spear "Inweafis" {freeze, ^Drain rN+ SInv
                  | Stlth+}
  2151 | D:3      | Noticed Ijyb
  2167 | D:3      | Killed Ijyb
  2168 | D:3      | Reached skill level 1 in Armour
  2274 | D:3      | Reached * piety under Hepliaklqana
  2609 | D:4      | Reached XP level 5. HP: 26/32 MP: 5/5
  2610 | D:4      | Reached skill level 4 in Long Blades
  2610 | D:4      | Noticed Blork the orc
  2627 | D:4      | Killed Blork the orc
  2628 | D:4      | Reached skill level 1 in Fighting
  2696 | D:4      | Noticed Edmund
  2703 | D:4      | Killed Edmund
  2704 | D:4      | Gained mutation: You are mostly covered in razor-sharp
                  | scales. (AC +2, Slay +2) [demonic ancestry]
  2704 | D:4      | Reached XP level 6. HP: 29/38 MP: 6/6
  2749 | D:4      | Reached skill level 5 in Long Blades
  2805 | D:4      | Reached skill level 1 in Dodging
  2870 | D:4      | Gained mutation: You have a pair of antennae on your head.
                  | [demonic ancestry]
  2870 | D:4      | Reached XP level 7. HP: 43/43 MP: 7/7
  3266 | D:5      | Entered Level 5 of the Dungeon
  3320 | D:5      | Reached ** piety under Hepliaklqana
  3334 | D:5      | Found Piofebb's Armour Shop.
  3543 | D:5      | Found a hazy altar of Hepliaklqana.
  3543 | D:5      | Found an iron altar of Okawaru.
  3588 | D:5      | Reached skill level 6 in Long Blades
  3901 | D:5      | Found a staircase to the Ecumenical Temple.
  4405 | D:5      | Bought a +2 hat for 208 gold pieces
  4489 | D:6      | Remembered your ancestor Ocsyh as a knight
  4508 | D:6      | Reached XP level 8. HP: 33/50 MP: 8/8
  4698 | D:6      | Reached skill level 7 in Long Blades
  4706 | D:6      | Reached skill level 5 in Armour
  4834 | D:6      | Found a basalt altar of Yredelemnul.
  5155 | D:6      | Reached *** piety under Hepliaklqana
  5455 | D:6      | Reached skill level 8 in Long Blades
  5466 | D:6      | Gained mutation: Spells you cast may paralyse adjacent
                  | enemies. [demonic ancestry]
  5466 | D:6      | Reached XP level 9. HP: 55/57 MP: 9/9
  6140 | D:7      | Reached skill level 1 in Invocations
  6692 | D:8      | Reached skill level 9 in Long Blades
  6700 | D:8      | HP: 1/59 [wyvern (13)]
  6701 | D:8      | Succumbed to a killer bee's poison

Illustrated notes

Levels and vault maps discovered:
D:1:      amcnicky_arrival_wind_blow, layout_loops_ring, serial_shops, shop,
          dreamdust_ecumenical_altar_drowned_temple
D:2:      layout_loops_corners, basic_altar
D:3:      layout_loops_cross, columned_hall_lemuel, uniq_ijyb
D:4:      layout_loops_cross, uniq_blork_the_orc, uniq_edmund
D:5:      layout_basic, gammafunk_temple_overflow_statue,
          minmay_temple_entry_nine_rooms, serial_shops, shop,
          hangedman_abyss_or_decor_stabs
D:6:      layout_layer_cave, nicolae_yredelemnul_corpse_copse,
          nicolae_ossuary_entry_catacombs, amcnicky_mini_pool_medium
D:7:      layout_loops_ring, grunt_ministairs_4
D:8:      layout_basic, serial_demonic, serial_demonic_f, serial_demonic_f,
          serial_demonic_c, serial_demonic_b, serial_shops, shop

Skill      XL: |  1  2  3  4  5  6  7  8  9 |
---------------+----------------------------+-----
Throwing       | 4 |  4.2
Long Blades    | 3 4 5 6 8 9 |  9.0
Armour         | 2 3 4 5 6 |  6.7
Fighting       | 1 2 3 4 |  4.5
Dodging        | 1 |  1.7
Invocations    | 1 |  1.3
Ranged Weapons | |  1.8
Stealth        | |  1.1
Evocations     | |  0.2

Action                     |  1- 3 |  4- 6 |  7- 9 || total
---------------------------+-------+-------+-------++-------
  Melee: Falchion          |   104 |    69 |   215 ||   388
 Invoke: Ancestor Identity |       |     1 |       ||     1
         Ancestor Life: Kn |       |       |     1 ||     1
         Transference      |       |       |     2 ||     2
  Evoke: Wand              |       |     2 |       ||     2
    Use: Scroll            |       |    12 |     3 ||    15
         Potion            |       |     3 |     1 ||     4
 Armour: Leather armour    |    10 |       |       ||    10
         Plate armour      |   114 |    62 |   229 ||   405
  Dodge: Dodged            |    27 |    11 |    54 ||    92

Table legend: (Time is in decaauts)
 A = Elapsed time spent in this place.
 B = Non-inter-level travel time spent in this place.
 C = Inter-level travel time spent in this place.
 D = Time resting spent in this place.
 E = Time spent auto-exploring this place.
 F = Levels seen in this place.
 G = Mean time per level.
                   A        B        C        D        E       F      G
               +--------+--------+--------+--------+--------+-----+--------+
         Total |   6713 |   6263 |    450 |      0 |   4886 |   8 |  839.1 |
       Dungeon |   6713 |   6263 |    450 |      0 |   4886 |   8 |  839.1 |
               +--------+--------+--------+--------+--------+-----+--------+

Top non-repeatable levels by time:
     D:6: 1539 daAuts
     D:5: 1195 daAuts
     D:2: 1043 daAuts
     D:1: 798 daAuts
     D:4: 736 daAuts
     D:3: 716 daAuts
     D:7: 673 daAuts
     D:8: 11 daAuts
